 Dungeon Crawl Stone Soup version 0.27.1-3-gb3d3a73c9e (webtiles) character file.

Game seed: 9285074343898530546

24 Dustman the Caller (level 3, 0/39 HPs)
             Began as a Barachi Summoner on Oct 25, 2021.
             Succumbed to an adder's poison
             ... on level 2 of the Dungeon.
             The game lasted 00:06:19 (812 turns).

Dustman the Caller (Barachi Summoner)                Turns: 812, Time: 00:06:19

Health: 0/39       AC:  2    Str:  9    XL:     3   Next: 2%
Magic:  6/6        EV: 12    Int: 16    God:
Gold:   47         SH:  0    Dex: 12    Spells: 4/7 levels left

rFire    . . .     SeeInvis .   d - +0 dagger
rCold    . . .     Faith    .   (no shield)
rNeg     . . .     Spirit   .   a - +0 robe
rPois    .         Reflect  .   (no helmet)
rElec    .         Harm     .   (no cloak)
rCorr    .         Rampage  .   (no gloves)
Will     .....                  (no boots)
Stlth    ..........             (no amulet)
HPRegen  0.13/turn              (no ring)
MPRegen  0.10/turn              (no ring)

@: berserking, lethally poisoned (0 -> -1), quick
A: amphibious, slowness 1, strong legs 1, +LOS
a: Hop


You were on level 2 of the Dungeon.
You visited 1 branch of the dungeon, and saw 2 of its levels.

You collected 47 gold pieces.

Inventory:

Hand Weapons
 d - a +0 dagger (weapon)
Armour
 a - a +0 robe (worn)
Magical Staves
 b - a staff of cold


   Skills:
 + Level 1.0 Fighting
 + Level 1.1 Armour
 + Level 2.4 Dodging
 + Level 2.1 Stealth
 + Level 2.5 Spellcasting
 + Level 4.9 Summonings


You had 4 spell levels left.
You knew the following spells:

 Your Spells              Type           Power      Damage    Failure   Level
a - Summon Small Mammal   Summ           68%        N/A       2%          1
b - Call Imp              Summ           17%        N/A       3%          2

Your spell library contained the following spells:

 Spells                   Type           Power      Damage    Failure   Level
 Call Canine Familiar     Summ           17%        N/A       8%          3
 Summon Guardian Golem    Hex/Summ       9%         N/A       22%         3
 Summon Lightning Spire   Summ/Air       9%         N/A       56%         4


Dungeon Overview and Level Annotations

Branches:
Dungeon (2/15)

Altars:


Innate Abilities, Weirdness & Mutations

You are amphibious.
You cover ground slowly.
You can hop short distances.
You have an extended range of vision and can be seen from far away.


Message History

Your crimson imp blinks!
Your quokka closely misses the adder.
The adder barely misses you.
Your quokka bites the adder.
You miss the adder.
The adder is moderately wounded.
Your quokka disappears in a puff of smoke!
The adder misses you.
Your quokka barely misses the adder.
You hit the adder but do no damage.
The adder is moderately wounded.
The adder bites you.
Your quokka misses the adder. The adder barely misses you.
You miss the adder.
The adder is moderately wounded.
Your quokka closely misses the adder.
The adder bites you.
You are poisoned.
The adder poisons you!
You closely miss the adder.
The adder is moderately wounded.
You feel sick.
Your crimson imp blinks!
The adder barely misses you.
Your quokka bites the adder.
You hit the adder but do no damage.
The adder is severely wounded.
You feel sick. The adder bites you.
* * * LOW HITPOINT WARNING * * *
Your quokka closely misses the adder.
The adder closely misses you.
You barely miss the adder.
The adder is severely wounded.
* * * LOW HITPOINT WARNING * * *
You feel sick.
Your quokka bites the adder.
The adder dies!
You have reached level 3!
Your experience leads to an increase in your attributes!
Increase (S)trength, (I)ntelligence, or (D)exterity?
You feel clever.
* * * LOW HITPOINT WARNING * * *
You feel sick.
Your quokka closely misses the goblin.
It was a potion of berserk rage.
A red film seems to cover your vision as you go berserk!
You feel yourself moving faster!
You feel mighty!
You die...

### ..# #.#
#.# #.# #.#
#.# #@# ..
##g####.J...
#.r).h..8...
#.5###......
#..# .###
#..# #..#
#..#
##.#######..#
#.


You could see a goblin (ally target), a friendly crimson imp (summoned) and a
friendly quokka (summoned).

Vanquished Creatures
  2 giant cockroaches
  2 hobgoblins
  A bat (D:1)
5 creatures vanquished.

Vanquished Creatures (collateral kills)
  An adder (D:2)
  A ball python (D:1)
  5 endoplasms
  A giant cockroach (D:1)
  A goblin (D:2)
  A hobgoblin (D:1)
  3 jackals
  2 quokkas (D:1)
  A bat (D:1)
  A frilled lizard (D:1)
  2 rats
19 creatures vanquished.

Grand Total: 24 creatures vanquished

Notes
Turn   | Place    | Note
-------+----------+-------------------------------------------
     0 | D:1      | Dustman the Barachi Summoner began the quest for the Orb.
     0 | D:1      | Reached XP level 1. HP: 13/13 MP: 3/3
   234 | D:1      | Reached XP level 2. HP: 10/20 MP: 5/5
   267 | D:1      | HP: 1/20 [quokka (3)]
   699 | D:1      | Learned a level 2 spell: Call Imp
   733 | D:2      | Reached skill level 1 in Fighting
   801 | D:2      | Reached skill level 1 in Armour
   811 | D:2      | Reached XP level 3. HP: 3/26 MP: 6/6
   811 | D:2      | HP: 1/26 [poisoned by an adder]
   812 | D:2      | Succumbed to an adder's poison

Illustrated notes

Levels and vault maps discovered:
D:1:      wander_arrival_peaceful_grave, layout_loops_ring, minivault_26
D:2:      layout_loops_ring, shapermc_ecumenical_altar_hornbeckon, st_stairs_1,
          uniq_sigmund

Skill      XL: |  1  2 |
---------------+-------+-----
Stealth        | 2 |  2.1
Fighting       | 1 |  1.0
Armour         | 1 |  1.1
Dodging        | |  2.4
Spellcasting   | |  2.5
Summonings     | |  4.9

Action                   || total
-------------------------++-------
Melee: Unarmed           ||    10
       Dagger            ||    49
 Cast: Summon Small Mamm ||    14
       Call Imp          ||     2
  Use: Potion            ||     1
Armor: Robe              ||     5
Dodge: Dodged            ||    46
